 Dungeon Crawl Stone Soup version 0.19.5 (webtiles) character file.

2382 Jerry the Carver (level 9, -2/61 HPs)
             Began as a Halfling Fighter on Mar 23, 2017.
             Was an Initiate of Okawaru.
             Slain by an orc warrior
             ... wielding a +0 hand axe
              (11 damage)
             ... on level 3 of the Dungeon.
             The game lasted 00:23:38 (8197 turns).

Jerry the Carver (Halfling Fighter)                 Turns: 8197, Time: 00:23:39

Health: -2/61      AC:  9    Str: 18    XL:     9   Next: 73%
Magic:  9/9        EV: 15    Int:  7    God:    Okawaru [......]
Gold:   101        SH:  0    Dex: 15    Spells: 0 memorised, 8 levels left

rFire  + . .     SeeInvis .     a - +0 long sword
rCold  . . .     Gourm    .     b - +0 scale mail
rNeg   . . .     Faith    .     (shield restricted)
rPois  .         Spirit   .     u - +0 helmet
rElec  .         Reflect  .     (no cloak)
rCorr  .         Harm     .     (no gloves)
MR     +....                    (no boots)
Stlth  ..........               (no amulet)
                                p - ring of protection from fire
                                j - ring of protection from magic

@: no status effects
A: mutation resistance 1
a: Renounce Religion


You were on level 3 of the Dungeon.
You worshipped Okawaru.
Okawaru was noncommittal.
You were hungry.

You visited 2 branches of the dungeon, and saw 7 of its levels.

You collected 287 gold pieces.
You spent 186 gold pieces at shops.

Inventory:

Hand Weapons
 a - a +0 long sword (weapon)
Armour
 b - a +0 scale mail (worn)
 c - a +0 shield
 u - a +0 helmet (worn)
Jewellery
 j - a ring of protection from magic (left hand)
 p - a ring of protection from fire (right hand)
 r - an uncursed ring of fire
Wands
 m - a wand of slowing (19/48)
 y - a wand of polymorph (11/24)
 z - a wand of teleportation (6/9)
 C - a wand of flame (19/48)
Scrolls
 d - a scroll of immolation {unknown}
 e - 3 scrolls of identify
 q - a scroll of recharging
 s - a scroll of blinking
 v - 2 scrolls of teleportation
 w - 3 scrolls of magic mapping
 A - 2 scrolls of remove curse
 E - a scroll of amnesia {unknown}
 F - a scroll of enchant armour {unknown}
Potions
 g - a potion of agility
 h - 3 potions of brilliance
 i - a potion of lignification
 o - 5 potions of curing
 t - a potion of cancellation
 x - 2 potions of magic
 B - 2 potions of beneficial mutation {unknown}
Comestibles
 f - 5 bread rations
 k - 3 beef jerkies
 l - 4 meat rations
 n - a royal jelly


   Skills:
 + Level 5.5 Fighting
 * Level 8.2 Long Blades
 + Level 7.0 Armour
 + Level 5.8 Dodging
 - Level 3.2 Shields


You had 8 spell levels left.
You didn't know any spells.

Dungeon Overview and Level Annotations

Branches:
Dungeon (6/15)             Temple (1/1) D:5

Altars:
Cheibriados
Dithmenos
Fedhas
Gozag
Hepliaklqana
Makhleb
Nemelex Xobeh
Okawaru
Qazlal
Ru
Sif Muna
Trog
Uskayaw
Vehumet
Xom
Yredelemnul
The Shining One

Shops:
D:4 ??*!

Annotations:
D:2 exclusion: oklob plant


Innate Abilities, Weirdness & Mutations

You are small and have problems with some larger weapons.
You are somewhat resistant to further mutation.


Message History

The orc warrior resists with significant effort.
Evoking this partially-identified wand wasted a few charges.
The orc warrior hits you but does no damage.
Evoke which item? (* to show all) (? for menu, Esc to quit)
Zapping:
m - a wand of slowing {zapped: 24} (will waste charges)
Press: ? - help, Shift-Dir - straight line, f/p - orc warrior
Aim: an orc warrior, wielding a hand axe and wearing a chain mail (lightly wounded, chance to defeat MR: 51%)
The orc warrior seems to slow down.
Evoking this partially-identified wand wasted a few charges.
The orc warrior hits you with a hand axe!
* * * LOW HITPOINT WARNING * * *
The orc warrior is no longer moving slowly.
Evoke which item? (* to show all) (? for menu, Esc to quit)
Zapping:
m - a wand of slowing {zapped: 26} (will waste charges)
Press: ? - help, Shift-Dir - straight line, f/p - orc warrior
Aim: an orc warrior, wielding a hand axe and wearing a chain mail (lightly wounded, chance to defeat MR: 51%)
The orc warrior seems to slow down.
Evoking this partially-identified wand wasted a few charges.
The orc warrior hits you with a hand axe!
You die...

.........)#####...########.#.#.#
.......#### #...## ##......#.##
.......# #.#..###.......#.#.
.......# #.#.......##.)...#.
.......########.##......####)###.
.............##'##......)..#<).#.
.#####................#.##.#####.
.# #................#.##.......
.# #.........o@.....#.#########
.# #..#####.........#.# # .# #..#
#.....#.>##.# #
.#####..#######+####.##.# #
###........# #.# #.##.# #
#.######.# #.# #.##.# #
#)..##.#.####.####.##.# #
###.##.###.........##.# #
#...##...#.##########.# #


You could see an orc warrior.

Vanquished Creatures
  Pikel (D:4)
  Eustachio (D:4)
  Edmund (D:5)
  Duvessa (D:5)
  An ice beast (D:5)
  A necrophage (D:5)
  2 ogres
  4 centaurs (D:5)
  A bullfrog (D:6)
  Dowan (D:5)
  A crimson imp (D:5)
  6 orc priests
  2 hounds
  2 orc wizards
  Ijyb (D:1)
  An iguana (D:5)
  2 worker ants
  A worker ant zombie (D:5)
  Robin (D:3)
  12 adders
  8 gnolls
  A howler monkey skeleton (D:6)
  A shadow imp (D:4)
  2 oozes
  An adder skeleton (D:4)
  2 worms
  4 dart slugs
  3 leopard geckos
  10 orcs
  3 bats
  4 giant cockroaches
  30 goblins
  13 hobgoblins
  6 jackals
  A quokka (D:4)
  A ball python (D:3)
  A frilled lizard (D:2)
  A jackal skeleton (D:6)
  4 kobolds
  8 rats
147 creatures vanquished.

Vanquished Creatures (others)
  A goblin (D:4)
1 creature vanquished.

Grand Total: 148 creatures vanquished

Notes
Turn   | Place    | Note
-------+----------+-------------------------------------------
     0 | D:1      | Jerry the Halfling Fighter began the quest for the Orb.
     0 | D:1      | Reached XP level 1. HP: 15/15 MP: 1/1
   200 | D:1      | Reached XP level 2. HP: 17/20 MP: 2/2
   620 | D:1      | Reached XP level 3. HP: 22/25 MP: 3/3
   991 | D:1      | Reached skill level 3 in Long Blades
  1158 | D:2      | Noticed Ijyb
  1189 | D:1      | Killed Ijyb
  1189 | D:1      | Reached skill level 1 in Dodging
  1189 | D:1      | Reached XP level 4. HP: 26/31 MP: 4/4
  1362 | D:2      | Found a deep blue altar of Sif Muna.
  1440 | D:2      | Reached XP level 5. HP: 19/36 MP: 5/5
  1726 | D:2      | Found a blossoming altar of Fedhas.
  1745 | D:2      | Noticed an oklob plant
  1827 | D:2      | Found a stormy altar of Qazlal.
  2385 | D:3      | Reached skill level 4 in Long Blades
  2746 | D:3      | Noticed Robin
  3075 | D:3      | Reached XP level 6. HP: 42/42 MP: 6/6
  3283 | D:3      | Killed Robin
  3739 | D:4      | Noticed Eustachio
  3757 | D:4      | Found Moank's Magic Scroll Boutique.
  3764 | D:4      | Killed Eustachio
  3764 | D:4      | Reached XP level 7. HP: 4/47 MP: 7/7
  4062 | D:4      | Bought a scroll of blinking for 75 gold pieces
  4062 | D:4      | Bought a scroll of teleportation for 30 gold pieces
  4194 | D:4      | Found Zuud's Distillery.
  4200 | D:4      | Bought a potion of degeneration for 10 gold pieces
  4200 | D:4      | Bought a potion of berserk rage for 50 gold pieces
  4381 | D:4      | Found Xuvileo's Magic Scroll Boutique.
  4395 | D:4      | Found Hozim's Assorted Antiques.
  4540 | D:3      | Reached skill level 5 in Long Blades
  4657 | D:4      | Bought a scroll labeled ZOUZXI ESTO for 21 gold pieces
  4691 | D:4      | Reached skill level 5 in Armour
  5116 | D:4      | Noticed Pikel
  5426 | D:4      | Killed Pikel
  5426 | D:4      | Reached skill level 6 in Long Blades
  5426 | D:4      | Reached XP level 8. HP: 54/54 MP: 8/8
  5603 | D:5      | Entered Level 5 of the Dungeon
  6223 | D:5      | Noticed Edmund
  6224 | D:5      | Noticed Duvessa
  6224 | D:5      | Noticed Dowan
  6245 | D:5      | Killed Duvessa
  6245 | D:5      | Reached skill level 7 in Long Blades
  6245 | D:5      | Reached XP level 9. HP: 46/60 MP: 9/9
  6249 | D:5      | Found a staircase to the Ecumenical Temple.
  6384 | Temple   | Entered the Ecumenical Temple
  6666 | D:5      | Reached skill level 5 in Fighting
  6720 | D:5      | Reached skill level 5 in Dodging
  6762 | D:5      | Killed Edmund
  7029 | D:5      | Killed Dowan
  7029 | D:5      | Reached skill level 8 in Long Blades
  7681 | D:6      | Found an iron altar of Okawaru.
  7691 | D:6      | Became a worshipper of Warmaster Okawaru
  8156 | D:3      | HP: 1/61 [orc warrior/hand axe (14)]
  8197 | D:3      | Slain by an orc warrior

Skill      XL: |  1  2  3  4  5  6  7  8  9 |
---------------+----------------------------+-----
Long Blades    | 3 4 6 7 8 |  8.2
Fighting       | 3 4 5 |  5.5
Dodging        | 1 2 4 5 |  5.8
Armour         | 4 5 6 7 |  7.0
Shields        | |  3.2

Action                   |  1- 3 |  4- 6 |  7- 9 || total
-------------------------+-------+-------+-------++-------
Melee: Long sword        |    87 |   198 |   293 ||   578
Evoke: Wand              |       |       |    12 ||    12
  Use: Scroll            |       |       |     9 ||     9
       Potion            |       |       |     3 ||     3
  Eat: Chunk             |     1 |     8 |    13 ||    22
       Pizza             |       |       |     1 ||     1
Armor: Scale mail        |    26 |   102 |   117 ||   245
Dodge: Dodged            |    63 |   183 |   231 ||   477
       Rpst.: Long sword |    27 |    56 |    79 ||   162
